 Dungeon Crawl Stone Soup version 0.26-a0-346-g33516b1736 (webtiles) character file.

Game seed: 1071532134772979745

809 KristoblXynda the Ruffian (level 7, -16/66 HPs)
             Began as a Troll Fighter on July 17, 2020.
             Was an Initiate of Dithmenos.
             Engulfed by Ijyb's freezing vapour (18 damage)
             ... on level 5 of the Dungeon.
             The game lasted 00:04:31 (2877 turns).

KristoblXynda the Ruffian (Troll Fighter)           Turns: 2877, Time: 00:04:32

Health: -16/66     AC:  6    Str: 25    XL:     7   Next: 61%
Magic:  6/6        EV: 10    Int: 12    God:    Dithmenos [......]
Gold:   242        SH: 14    Dex:  9    Spells: 6/6 levels left

rFire    . . .     SeeInvis .     - Unarmed
rCold    . . .     Faith    .   b - +0 kite shield
rNeg     . . .     Spirit   .   a - +0 robe
rPois    .         Reflect  +   (helmet restricted)
rElec    .         Harm     .   (no cloak)
rCorr    .                      (gloves unavailable)
MR       .....                  (boots unavailable)
Stlth    +.........             q - amulet of reflection
HPRegen  0.61/turn              g - +6 ring of intelligence
MPRegen  0.10/turn              (no ring)

@: studying Earth Magic
A: large, unfitting armour, claws 3, regeneration 1, shaggy fur 1, tough skin 3
a: Renounce Religion


You were on level 5 of the Dungeon.
You worshipped Dithmenos.
Dithmenos was noncommittal.
You visited 1 branch of the dungeon, and saw 5 of its levels.

You collected 242 gold pieces.

Inventory:

Armour
 a - a +0 robe (worn)
 b - a +0 kite shield (worn)
Jewellery
 g - a +6 ring of intelligence (left claw)
 q - an amulet of reflection (around neck)
Wands
 i - a wand of paralysis (21)
 l - a wand of enslavement (9)
Scrolls
 d - a scroll of remove curse
 e - a scroll of noise {unknown}
 n - 2 scrolls of fear {unknown}
 p - a scroll of immolation {unknown}
 t - 2 scrolls of teleportation {unknown}
Potions
 c - a potion of might
 f - a potion of mutation {unknown}
 h - a potion of resistance {unknown}
 j - a potion of curing
 k - a potion of flight {unknown}
 m - a potion of brilliance {unknown}
 o - a potion of berserk rage
 r - 2 potions of stabbing
 s - a potion of haste {unknown}
 u - a potion of lignification {unknown}
Books
 v - a manual of Earth Magic


   Skills:
 - Level 2.4 Fighting
 + Level 4.7 Dodging
 + Level 4.7 Shields
 + Level 5.2 Unarmed Combat


You had 6 spell levels left.
You didn't know any spells.
Your spell library contained the following spells:

 Spells                   Type           Power        Failure   Level
 Beastly Appendage        Tmut           #.....       63%         1
 Wereblood                Tmut           #.......     77%         2
 Spider Form              Tmut/Pois      #.........   94%         3
 Ice Form                 Ice/Tmut       #.......     100%        4
 Blade Hands              Tmut           #.........   100%        5


Dungeon Overview and Level Annotations

Branches:
Dungeon (5/15)             Temple (0/1) D:5

Altars:
Dithmenos
Elyvilon
Gozag
Makhleb
Nemelex Xobeh
Uskayaw
The Shining One

Annotations:
D:5 Ijyb


Innate Abilities, Weirdness & Mutations

You are too large for most types of armour.
You have claws for hands.
Your natural rate of healing is unusually fast.
You are covered in fur. (AC +1)
You have extremely tough skin. (AC +3)


Message History

There is an open door here.
Ijyb the Twisted Goblin comes into view.
She is wielding a +0 dagger, wearing a +3 scale mail of fire resistance and carrying a wand of clouds (6).
Ijyb is nearby!
Ijyb is nearby!
Ijyb is nearby!
Found a fizzy yellow potion.
Ijyb zaps a wand.
Ijyb creates a blast of freezing vapour!
You barely miss Ijyb.
You are engulfed in freezing vapours.
Ijyb hits you with a +0 dagger.
You closely miss Ijyb.
You are engulfed in freezing vapours.
Ijyb misses you.
You claw Ijyb!
Ijyb is heavily wounded.
You are engulfed in freezing vapours.
* * * LOW HITPOINT WARNING * * *
You block Ijyb's attack.
You closely miss Ijyb.
Ijyb is heavily wounded.
You are engulfed in freezing vapours.
You die...

#.............#####..........
#.................###########
#.....#+######......##+##...)
####+## .!..# ..............
...# >............. #..#
..........#'## #..#
..........#... #.g+
..........#... #.@#
..........#... #§§#
..........####
#§§##########'#....
#§§§..........#....
#.............+....
###############.... #####


You could see Ijyb.

Vanquished Creatures
  Sigmund (D:3)
  Duvessa (D:4)
  Blork the orc (D:4)
  Dowan (D:4)
  A scorpion (D:4)
  A howler monkey (D:5)
  A bullfrog skeleton (D:4)
  An iguana (D:4)
  2 worker ants (D:5)
  A hound zombie (D:4)
  5 gnolls
  7 adders
  An ufetubus (D:5)
  An adder zombie (D:5)
  5 worms
  A dart slug (D:2)
  3 leopard geckos
  2 orcs (D:5)
  7 bats
  15 giant cockroaches
  7 goblins
  5 hobgoblins
  8 jackals
  5 kobolds
  7 quokkas
  3 frilled lizards
  4 rats
97 creatures vanquished.

Notes
Turn   | Place    | Note
-------+----------+-------------------------------------------
     0 | D:1      | KristoblXynda the Troll Fighter began the quest for the
                  | Orb.
     0 | D:1      | Reached XP level 1. HP: 22/22 MP: 0/0
   226 | D:1      | Reached XP level 2. HP: 23/29 MP: 1/1
   397 | D:1      | Reached XP level 3. HP: 36/36 MP: 2/2
   546 | D:2      | Found a glowing golden altar of the Shining One.
   989 | D:2      | Reached XP level 4. HP: 44/44 MP: 3/3
  1007 | D:3      | Found a sparkling altar of Nemelex Xobeh.
  1086 | D:3      | Reached skill level 3 in Unarmed Combat
  1277 | D:3      | Noticed Sigmund
  1308 | D:3      | Killed Sigmund
  1308 | D:3      | Reached XP level 5. HP: 33/50 MP: 4/4
  1378 | D:3      | Found an opulent altar of Gozag.
  1928 | D:4      | Reached skill level 4 in Unarmed Combat
  1928 | D:4      | Reached XP level 6. HP: 58/59 MP: 5/5
  1948 | D:4      | Noticed Dowan
  1950 | D:4      | Noticed Duvessa
  1973 | D:4      | Killed Duvessa
  1986 | D:4      | Killed Dowan
  2092 | D:4      | Noticed Blork the orc
  2097 | D:4      | Killed Blork the orc
  2097 | D:4      | Reached XP level 7. HP: 57/66 MP: 6/6
  2399 | D:5      | Entered Level 5 of the Dungeon
  2457 | D:5      | Reached skill level 5 in Unarmed Combat
  2516 | D:5      | Found a hide-covered altar of Uskayaw.
  2521 | D:5      | Found a white marble altar of Elyvilon.
  2526 | D:5      | Found a shadowy altar of Dithmenos.
  2531 | D:5      | Found a burning altar of Makhleb.
  2539 | D:5      | Became a worshipper of Dithmenos the Shadowed
  2658 | D:5      | Found a staircase to the Ecumenical Temple.
  2870 | D:5      | Noticed Ijyb
  2876 | D:5      | HP: 2/66 [Ijyb] (24)]
  2877 | D:5      | Engulfed by Ijyb's freezing vapour

Illustrated notes

Levels and vault maps discovered:
D:1:      matt_arrival_spirals, layout_basic, minmay_misc_feat_iff
D:2:      minmay_roachtagon, layout_basic, nicolae_overflow_crystal_walls
D:3:      layout_basic, old_standard_altar, lemuel_crystal_altar, uniq_sigmund
D:4:      layout_cave_pools, uniq_blork_the_orc, uniq_duvessa
D:5:      kennysheep_spiral_hall, layout_gridville, kennysheep_mini_moat,
          grunt_temple_overflow_cloverleaf, lemuel_round_altar, temple_pool_b,
          minmay_misc_feat_rugged, minmay_manual_moon, uniq_ijyb

Skill      XL: |  1  2  3  4  5  6  7 |
---------------+----------------------+-----
Shields        | 3 4 |  4.7
Dodging        | 3 4 |  4.7
Unarmed Combat | 3 4 5 |  5.2
Fighting       | |  2.4

Action                   |  1- 3 |  4- 6 |  7- 9 || total
-------------------------+-------+-------+-------++-------
Melee: Unarmed           |   118 |   111 |    70 ||   299
  Use: Scroll            |       |     4 |       ||     4
       Potion            |       |     2 |       ||     2
Armor: Robe              |    63 |    30 |    10 ||   103
Dodge: Dodged            |    56 |    27 |    19 ||   102
Block: Kite shield       |    84 |    82 |    49 ||   215
       Reflection        |       |     3 |       ||     3

Table legend:
 A = Non-vault XP
 B = Vault XP
 C = Vault XP percentage of total XP
 D = Non-vault monster count
 E = Vault monster count
 F = Vault count percentage of total count
                 A         B        C        D         E       F
            +---------+---------+-------+---------+---------+-------
      Total |     462 |     695 |  60.1 |      72 |      25 |  25.8
            +---------+---------+-------+---------+---------+-------
        D:1 |      43 |       0 |   0.0 |      17 |       0 |   0.0
        D:2 |      28 |      26 |  48.1 |      11 |      13 |  54.2
        D:3 |      41 |     205 |  83.3 |      17 |       1 |   5.6
        D:4 |     221 |     325 |  59.5 |      14 |       3 |  17.6
        D:5 |     129 |     139 |  51.9 |      13 |       8 |  38.1
            +---------+---------+-------+---------+---------+-------
